AoeStats
← [LCDR] ScOrPiOn II

Arabia

509703305Analyzed
4v4 RM · 6d ago on Sep 27, 2026· 31m 36s· 8 players
Game mode
Random Map
Map size
Large (8 player)
Population
200
Speed
Normal
Resources
Standard
Victory
Conquest
Starting age
Dark Age
Ending age
Imperial Age
RankedLock teamsTeams togetherTeam positionsShared explorationLock speedFull tech treeHidden civsTurbo modeCheats
Victory
Defeat
1647
+12
🇩🇪 Vikings · Germany
1645
+12
🇷🇴 Slavs · Romania
1641
+13
🇩🇪 Byzantines · Germany
1570
+15
🇧🇷 Ethiopians · Brazil
1682
-17
🇧🇷 Franks · Brazil
1634
-15
🇧🇷 Britons · Brazil
1559
-13
🇧🇷 Magyars · Brazil
1379
-7
[STYCK] Weizenesel
6:01 Loom
8:54 Feudal Age
7:10 Loom
9:27 Double-Bit Axe
10:26 Horse Collar
14:26 Fletching
14:36 Padded Archer Armor
22:01 Castle Age
20:43 Gold Mining
23:04 Bodkin Arrow
22:30 Crossbowman
23:31 Bow Saw
25:53 Ballistics
26:14 Leather Archer Armor
27:11 Thumb Ring
28:57 Wheelbarrow
30:35 Elite Skirmisher
RoU_MaNiA
6:25 Loom
9:01 Feudal Age
9:34 Double-Bit Axe
15:45 Wheelbarrow
16:47 Bloodlines
21:18 Castle Age
20:03 Gold Mining
21:22 Scale Barding Armor
21:57 Forging
21:22 Light Cavalry
22:03 Husbandry
24:25 Bow Saw
25:30 Chain Barding Armor
Veni Vidi Elmo
5:55 Loom
8:51 Feudal Age
9:29 Double-Bit Axe
15:20 Town Watch
19:30 Castle Age
17:47 Padded Archer Armor
17:41 Fletching
19:47 Padded Archer Armor
19:32 Crossbowman
20:49 Bodkin Arrow
22:22 Ballistics
30:05 Bow Saw
31:34 Horse Collar
31:45 Gold Mining
Axolotl-Flöten-Beschwörer
6:22 Loom
9:04 Feudal Age
9:33 Double-Bit Axe
9:45 Horse Collar
18:09 Bloodlines
20:01 Scale Barding Armor
21:53 Forging
23:14 Wheelbarrow
25:41 Castle Age
25:22 Gold Mining
27:26 Chain Barding Armor
26:27 Light Cavalry
27:23 Bow Saw
30:00 Iron Casting
[LCDR] Alone
6:32 Loom
8:50 Feudal Age
10:02 Double-Bit Axe
11:27 Fletching
17:09 Padded Archer Armor
24:15 Castle Age
23:23 Gold Mining
24:16 Crossbowman
24:51 Bodkin Arrow
26:02 Ballistics
27:51 Thumb Ring
[LCDR] ScOrPiOn II
7:01 Loom
9:18 Feudal Age
10:05 Double-Bit Axe
13:41 Scale Barding Armor
21:59 Bloodlines
21:58 Horse Collar
26:52 Castle Age
GAX | BiduZera
6:21 Loom
8:47 Feudal Age
9:19 Double-Bit Axe
15:45 Scale Barding Armor
16:55 Forging
22:49 Castle Age
21:06 Gold Mining
23:40 Light Cavalry
24:21 Husbandry
24:55 Chain Barding Armor
26:53 Gold Shaft Mining
29:11 Wheelbarrow
SSX_Flexa
6:38 Loom
8:54 Feudal Age
9:44 Double-Bit Axe
11:22 Fletching
13:37 Padded Archer Armor
24:04 Castle Age
23:05 Gold Mining
24:04 Crossbowman
25:09 Bodkin Arrow
Connection lost

Rejoining the realm…

Still unreachable

The connection could not be restored.

Session expired

The server has moved on; the page needs a fresh start.